 Dungeon Crawl Stone Soup version 0.28-a0-514-g0d7ab7f379 (webtiles) character file.

Game seed: 3388532147990706981

188522 Zenkrye the Spry (level 18, -1/140 HPs)
             Began as a Djinni Fire Elementalist on Sept 22, 2021.
             Was the Champion of Makhleb.
             Constricted to death by a tentacled monstrosity (5 damage)
             ... on level 4 of the Swamp.
             The game lasted 02:36:38 (42017 turns).

Zenkrye the Spry (Djinni Fire Elementalist)        Turns: 42017, Time: 02:36:39

Health: -1/140     AC: 14    Str:  7    XL:     18   Next: 75%
Gold:   1727       EV: 23    Int: 26    God:    Makhleb [******] SH: 23 Dex: 21

rFire   + + +      SeeInvis .   x - +9 short sword of Yroly {antimagic, Int+3}
rCold   + . .      Faith    .   q - +3 kite shield {rC+}
rNeg    + + .      Spirit   .   p - +1 robe {rC+}
rPois   ∞          Reflect  +   J - +2 helmet
rElec   .          Harm     .   a - +4 cloak of Taibu {rN+ Dex+5}
rCorr   .          Rampage  .   E - +2 pair of gloves
Will    ++...                   (boots unavailable)
Stlth   ++........              F - amulet of reflection
HPRegen 0.33/turn               j - ring of willpower
MPRegen 0.00/turn               S - ring "Hicacim" {rF+ rN+ Slay+4}

@: flying, very slightly contaminated, constricted, invisible
A: sickness immunity, fire resistance 2, cold vulnerability 1, float, innate
caster, hp casting, extra vitality 1
}: 1/15 runes: serpentine
a: Renounce Religion, Minor Destruction, Lesser Servant of Makhleb, Major
Destruction, Greater Servant of Makhleb


You were on level 4 of the Swamp.
You worshipped Makhleb.
Makhleb was exalted by your worship.
You visited 6 branches of the dungeon, and saw 32 of its levels.
You also visited: Volcano.

You collected 4181 gold pieces.
You spent 2454 gold pieces at shops.

Inventory:

Hand Weapons
 s - the +8 trident of the Octopus King {venom, rElec rPois Will+}
   (You found it on level 5 of the Lair of Beasts)

   It poisons the flesh of those it strikes.
   rElec:     It insulates you from electricity.
   rPois:     It protects you from poison.
   Will:      It increases your willpower.
 x - the +9 short sword of Yroly (weapon) {antimagic, Int+3}
   (You found it on level 6 of the Dungeon)

   It reduces the magical energy of the wielder, and disrupts the spells and
   magical abilities of those it strikes.
   Natural abilities and divine invocations are not affected.
   Int:       It affects your intelligence (+3).
 M - a +0 fustibalus of flaming
Missiles
 u - 37 boomerangs
 L - 157 sling bullets
 Q - 2 throwing nets {!f}
Armour
 a - the +4 cloak of Taibu (worn) {rN+ Dex+5}
   (You bought it in a shop on level 2 of the Orcish Mines)

   Dex:       It affects your dexterity (+5).
   rN:        It protects you from negative energy.
 p - a +1 robe of cold resistance (worn)
 q - a +3 kite shield of cold resistance (worn)
 E - a +2 pair of gloves (worn)
 J - a +2 helmet (worn)
 N - a +2 kite shield of protection
 T - +0 swamp dragon scales
Magical Staves
 o - a staff of cold
Jewellery
 c - a ring of protection from cold
 d - an amulet of the acrobat
 f - a ring of protection from fire
 j - a ring of willpower (left hand)
 r - a ring of resist corrosion
 v - a +4 ring of evasion
 D - a +6 ring of dexterity
 F - an amulet of reflection (around neck)
 S - the ring "Hicacim" (right hand) {rF+ rN+ Slay+4}
   (You found it on level 6 of the Lair of Beasts)

   [ring of slaying]

   Slay:      It affects your accuracy & damage with ranged weapons and melee
   (+4).
   rF:        It protects you from fire.
   rN:        It protects you from negative energy.
Wands
 l - a wand of flame (60)
 n - a wand of paralysis (51)
 A - a wand of charming (6)
 H - a wand of polymorph (25)
 K - a wand of iceblast (21) {@v4}
 U - a wand of acid (20) {@v2}
Scrolls
 e - 4 scrolls of immolation
 g - 7 scrolls of enchant weapon
 i - 6 scrolls of identify {@r1}
 y - 2 scrolls of brand weapon
 C - 9 scrolls of magic mapping
 V - 2 scrolls of fog
Potions
 k - 2 potions of brilliance
 m - 3 potions of mutation
 w - 2 potions of resistance {@q6}
 z - 3 potions of cancellation
 B - 2 potions of curing {@q1}
 I - a potion of might {@q4}
 P - a potion of berserk rage
Miscellaneous
 R - a condenser vane (inert)


   Skills:
 + Level 16.3 Fighting
 + Level 17.4 Dodging
 - Level 2.0 Stealth
 - Level 15.0 Shields
 + Level 15.1 Spellcasting
 - Level 5.0 Invocations
 - Level 5.0 Evocations


You had 2 spell levels left.
You knew the following spells:

 Your Spells              Type           Power      Damage    Failure   Level
a - Foxfire               Conj/Fire      100%       2x1d9     0%          1
b - Scorch                Fire           100%       2d10      0%          2
c - Conjure Flame         Conj/Fire      78%        6-21      0%          3
d - Inner Flame           Hex/Fire       78%        N/A       0%          3
e - Flame Wave            Conj/Fire      78%        3d13      1%          4
f - Pain                  Necr           100%       1d9       0%          1
g - Wereblood             Tmut           78%        N/A       0%          2
h - Corpse Rot            Necr/Air       N/A        N/A       0%          2
i - Ice Form              Ice/Tmut       78%        N/A       1%          4
j - Alistair's Intoxicat  Tmut/Pois      52%        N/A       1%          5
k - Death Channel         Necr           39%        N/A       1%          6
l - Orb of Destruction    Conj           39%        9d13      4%          7
w - Lightning Bolt        Conj/Air       39%        1d57      1%          5
Your spell library was empty.

Dungeon Overview and Level Annotations

Branches:
Dungeon (15/15)            Temple (1/1) D:7            Lair (6/6) D:8
  Swamp (4/4) Lair:2        Snake (4/4) Lair:2        Slime (0/5) Lair:6
    Orc (2/2) D:11            Elf (0/3) Orc:2        Vaults (0/5) D:14
 Depths (0/4) D:15        Volcano (visited)

Altars:
Ashenzari
Dithmenos
Elyvilon
Fedhas
Hepliaklqana
Kikubaaqudgha
Makhleb
Okawaru
Qazlal
Ru
Sif Muna
Trog
Uskayaw
Wu Jian
Xom
Zin
The Shining One

Shops:
D:2 *   D:7 ?   Orc:2 =(([*   Snake:1 :=:

Annotations:
D:3 1 runed translucent door, Crazy Yiuf
D:8 Harold
D:13 Azrael, Jorgrun, Rupert
Swamp:4 Bai Suzhen
Snake:2 Vashnia


Innate Abilities, Weirdness & Mutations

You are immune to sickness and miasma.
You are immune to poison.
Your flesh is very heat resistant. (rF++)
You are vulnerable to cold. (rC-)
You float through the air rather than walking.
You learn spells naturally, not from books.
Your magical power is your life essence.
You have superior vitality. (+4 HP)


Message History

The five-headed hydra is engulfed in a cloud of scalding steam.
You block the five-headed hydra's attack. x3
The five-headed hydra closely misses you.
The five-headed hydra completely misses you.
You block the tentacled monstrosity's attack.
The tentacled monstrosity tentacle-slaps you but does no damage.
The tentacled monstrosity closely misses you.
The tentacled monstrosity constricts you.
* * * LOW HITPOINT WARNING * * *
A wave of flame ripples out!
The flame wave engulfs the five-headed hydra!
The five-headed hydra is severely wounded.
The flame wave engulfs the shambling mangrove but does no damage.
The shambling mangrove is moderately damaged.
The flame wave engulfs the tentacled monstrosity!
The tentacled monstrosity resists.
The tentacled monstrosity is heavily wounded.
The flame wave engulfs the ghoul!!
The ghoul is lightly damaged.
The flame wave engulfs the eleionoma!!
You kill the eleionoma!
Makhleb accepts your kill.
You feel better.
The flame wave engulfs the ghoul!!
The ghoul is lightly damaged.
The mangrove smoulders and burns.
The flame wave engulfs Bai Suzhen.
Bai Suzhen is lightly wounded.
* * * LOW HITPOINT WARNING * * *
You hear a deafening roar!
The alligator is engulfed in a cloud of scalding steam.
The five-headed hydra is engulfed in a cloud of scalding steam.
The shambling mangrove is engulfed in a cloud of scalding steam.
The shambling mangrove hits you!!
* * * LOW HITPOINT WARNING * * *
Bai Suzhen is engulfed in blazing flames.
A bunyip comes into view.
You block the tentacled monstrosity's attack.
The tentacled monstrosity completely misses you.
You block the tentacled monstrosity's attack.
The tentacled monstrosity constricts you.
You die...

♣♣♣♣ ♣♣♣♣♣♣.≈♣♣♣♣
♣....≈≈≈[..♣♣♣
≈.≈≈≈≈≈≈§≈≈..♣
...≈≈≈≈≈≈≈≈.≈♣
.≈≈≈≈D§§§...♣♣♣♣♣
≈≈≈≈≈n§§...≈:≈..♣♣
.≈≈≈n§X@§§.≈.≈≈.≈♣
≈≈≈≈§§fn§d○≈≈.≈≈.♣♣≈
≈≈≈≈§§§.§○§.<.≈§≈.(.
≈≈≈≈≈≈≈≈♣≈y≈≈≈°§.≈≈≈
≈§≈§≈≈≈.♣.≈≈≈≈≈.≈≈≈≈
♣♣♣.≈..≈..≈≈kyx§≈≈≈≈
♣§.§≈.≈d≈≈≈.y?≈≈≈≈
♣♣..^(≈≈§≈≈≈≈§≈≈≈≈
♣♣♣≈.≈≈≈≈≈≈≈≈≈§≈y


You could see Bai Suzhen, 2 ghouls, a tentacled monstrosity, a shambling
mangrove, a bunyip (wandering), a five-headed hydra (wandering), a swamp drake
and 3 vampire mosquitoes.

Vanquished Creatures
  Mlioglotl (Swamp:2)
  2 tentacled monstrosities
  2 thorn hunters
  A nagaraja (Snake:4)
  A fenstrider witch (Swamp:2)
  An orc warlord (Orc:2)
  An ironbound preserver (D:14)
  A very ugly thing (D:15)
  A bunyip (Swamp:1)
  An eleionoma (shapeshifter) (D:15)
  Snorg (Orc:1)
  2 shambling mangroves (Swamp:3)
  A great orb of eyes (D:15)
  4 eleionomae
  Fannar (Orc:1)
  11 hydras
  A spriggan air mage (Swamp:2)
  4 naga warriors (Snake:4)
  A salamander tyrant (Snake:4)
  3 catoblepae (Lair:6)
  2 ghost crabs
  3 centaur warriors
  2 boulder beetles
  A tengu warrior (D:14)
  5 anacondas
  11 alligators
  5 two-headed ogres
  11 death yaks (Lair:6)
  3 orc high priests
  5 shock serpents
  A hell hog (Volcano)
  16 naga sharpshooters
  A spriggan berserker (Swamp:1)
  3 salamander mystics
  A skeletal warrior (D:14)
  3 goliath frogs
  2 spriggan druids
  2 swamp dragons
  11 bog bodies
  4 naga ritualists
  5 lindwurms
  Pikel (D:7)
  2 orc sorcerers (Orc:2)
  6 mana vipers
  2 deep elf pyromancers (D:14)
  5 orc knights
  10 salamanders
  A will-o-the-wisp (Swamp:2)
  9 ugly things
  3 cyclopes
  5 manticores
  5 guardian serpents (Snake:4)
  29 black mambas
  Joseph (D:7)
  A molten gargoyle (Volcano)
  3 elephants (Lair:5)
  Maurice (D:8)
  10 naga magi
  A torpor snail (Lair:4)
  14 cane toads
  2 gargoyles (D:14)
  2 kobold demonologists
  A rime drake (Lair:4)
  2 efreet (D:14)
  14 komodo dragons
  A queen bee (shapeshifter) (D:14)
  A yaktaur (D:13)
  A bloated husk (Swamp:1)
  A meliai (shapeshifter) (D:14)
  3 meliai (D:15)
  9 trolls
  10 tyrant leeches
  6 hornets (Swamp:3)
  17 blink frogs
  A polar bear (Lair:2)
  14 dream sheep
  21 slime creatures
  3 spriggans (Swamp:3)
  4 wraiths
  8 wyverns
  A vampire (D:12)
  5 hogs (Snake:1)
  35 yaks
  6 fire bats (Volcano)
  A steam dragon (shapeshifter) (D:14)
  A steam dragon (D:10)
  19 vampire mosquitoes
  A human (Snake:1)
  8 wargs
  Menkaure (D:6)
  27 nagas
  An acid dragon (D:11)
  9 swamp worms
  11 water moccasins
  3 hell hounds
  A hornet zombie (D:9)
  2 swamp drakes
  29 orc warriors
  3 black bears
  2 sky beasts
  11 wolves
  2 ice beasts (D:5)
  9 ogres
  10 centaurs
  A lemure (D:7)
  5 phantoms
  3 kobold brigands
  A wyvern zombie (D:7)
  2 gnoll sergeants
  3 scorpions
  7 bullfrogs
  A troll zombie (D:11)
  5 wights (D:7)
  6 electric eels
  9 killer bees
  2 howler monkeys
  7 lava snakes (Volcano)
  2 centaur zombies
  A hound (D:5)
  A jelly (D:5)
  A bullfrog skeleton (D:5)
  2 centaur skeletons
  3 gnoll shamans
  20 orc priests
  Ijyb (D:3)
  3 iguanas
  21 orc wizards
  2 scorpion zombies (D:5)
  4 hell rats (Lair:2)
  A killer bee zombie (D:6)
  7 ogre zombies (D:11)
  2 hound skeletons
  Robin (D:3)
  17 gnolls
  A howler monkey zombie (D:6)
  A howler monkey skeleton (D:6)
  4 adders
  A shadow imp (D:8)
  2 adder skeletons (D:4)
  A worm (D:5)
  4 dart slugs
  56 orcs
  A bat (D:1)
  2 endoplasms
  3 giant cockroaches
  14 goblins
  16 hobgoblins
  6 jackals
  A quokka (D:5)
  4 ball pythons
  3 frilled lizards (D:3)
  6 goblin zombies (D:11)
  A hobgoblin skeleton (D:11)
  2 hobgoblin zombies (D:11)
  21 kobolds
  2 orc skeletons (D:11)
  14 orc zombies (D:11)
  7 rats
  9 briar patches (Swamp:1)
  A bush (Lair:3)
  2 butterflies (D:5)
892 creatures vanquished.

Vanquished Creatures (collateral kills)
  Kirke (Snake:1)
  A fire dragon (Volcano)
  A naga warrior (Snake:1)
  A molten gargoyle (Volcano)
  A black mamba (Lair:6)
  A naga mage (Snake:1)
  A cane toad (Lair:6)
  4 dream sheep (Lair:6)
  3 yaks (Lair:6)
  A fire bat (Volcano)
  A naga (Snake:1)
  2 wolves (Lair:6)
  An orc priest (Orc:1)
19 creatures vanquished.

Vanquished Creatures (others)
  A naga warrior (Snake:4)
  An alligator (Swamp:4)
  A bloated husk (Swamp:4)
  A human (Snake:1)
  Grum (D:10)
  An orc wizard (Orc:1)
  An orc (Orc:1)
  404 foxfires
  38 fungi
  56 plants
505 creatures vanquished.

Grand Total: 1416 creatures vanquished

Notes
Turn   | Place    | Note
-------+----------+-------------------------------------------
     0 | D:1      | Zenkrye the Djinni Fire Elementalist began the quest for
                  | the Orb.
     0 | D:1      | Reached XP level 1. HP: 15/15 MP: 0/0
   141 | D:1      | Found a faded altar of an unknown god.
   203 | D:1      | Reached XP level 2. HP: 19/21 MP: 0/0
   571 | D:1      | Reached XP level 3. HP: 22/25 MP: 0/0
   571 | D:1      | Learned a level 1 spell: Pain
   970 | D:2      | Found Ennuesch's General Store.
  1827 | D:3      | Reached skill level 1 in Fighting
  1827 | D:3      | Reached skill level 3 in Dodging
  1942 | D:3      | Reached XP level 4. HP: 26/32 MP: 0/0
  1967 | D:3      | Noticed Ijyb
  2260 | D:3      | Reached XP level 5. HP: 34/38 MP: 0/0
  2260 | D:3      | Learned a level 2 spell: Wereblood
  2327 | D:3      | Killed Ijyb
  2588 | D:3      | Found a runed translucent door.
  2589 | D:3      | Noticed Crazy Yiuf
  2635 | D:3      | Noticed Robin
  3452 | D:3      | Killed Robin
  3685 | D:4      | Noticed a phantom
  3690 | D:4      | Killed a phantom
  3691 | D:4      | Reached skill level 4 in Dodging
  3691 | D:4      | Reached XP level 6. HP: 38/45 MP: 0/0
  4262 | D:4      | Noticed an ogre
  4269 | D:4      | Killed an ogre
  4270 | D:4      | Reached XP level 7. HP: 43/50 MP: 0/0
  4270 | D:4      | Learned a level 2 spell: Corpse Rot
  4396 | D:4      | Found a shadowy altar of Dithmenos.
  4439 | D:4      | Reached skill level 1 in Shields
  4588 | D:4      | Found a hazy altar of Hepliaklqana.
  4766 | D:5      | Entered Level 5 of the Dungeon
  4856 | D:5      | Reached skill level 5 in Dodging
  4938 | D:5      | Found a shimmering altar of Xom.
  5197 | D:5      | Reached XP level 8. HP: 46/58 MP: 0/0
  5366 | D:5      | Found a glowing silver altar of Zin.
  5854 | D:6      | Reached skill level 6 in Dodging
  6193 | D:6      | Found a sacrificial altar of Ru.
  6203 | D:6      | Identified the +9 short sword of Yroly {antimagic, Int+3}
  6270 | D:6      | Noticed Menkaure
  6275 | D:6      | Killed Menkaure
  6276 | D:6      | Reached skill level 5 in Fighting
  6276 | D:6      | Reached XP level 9. HP: 61/65 MP: 0/0
  6276 | D:6      | Learned a level 4 spell: Ice Form
  6446 | D:6      | Reached skill level 5 in Spellcasting
  7284 | D:7      | Noticed Pikel
  7292 | D:7      | Killed Pikel
  7293 | D:7      | Reached skill level 7 in Dodging
  7365 | D:7      | Found a staircase to the Ecumenical Temple.
  7375 | Temple   | Entered the Ecumenical Temple
  7390 | Temple   | Became a worshipper of Makhleb the Destroyer
  7423 | D:7      | Found Ywnap's Magic Scroll Shop.
  7481 | D:7      | Noticed Joseph
  7495 | D:7      | Killed Joseph
  7496 | D:7      | Reached skill level 5 in Shields
  7786 | D:7      | Reached XP level 10. HP: 48/73 MP: 0/0
  8395 | D:8      | Found a staircase to the Lair.
  8534 | D:8      | Noticed Harold
  8614 | D:8      | Reached skill level 8 in Dodging
  8651 | D:8      | Found a hide-covered altar of Uskayaw.
  9077 | D:8      | Reached * piety under Makhleb
  9350 | D:8      | Noticed Maurice
  9358 | D:8      | Killed Maurice
 10700 | D:10     | Entered Level 10 of the Dungeon
 10700 | D:10     | Noticed a kobold demonologist
 10705 | D:10     | Killed a kobold demonologist
 10748 | D:10     | Found a stormy altar of Qazlal.
 11037 | D:10     | Noticed a komodo dragon
 11038 | D:10     | Noticed Grum
 11045 | D:10     | Killed a komodo dragon
 11046 | D:10     | Reached skill level 9 in Dodging
 11056 | D:10     | Killed Grum
 11057 | D:10     | Reached XP level 11. HP: 17/81 MP: 0/0
 11057 | D:10     | Learned a level 5 spell: Lightning Bolt
 11552 | D:10     | Found a blossoming altar of Fedhas.
 11555 | D:10     | Reached ** piety under Makhleb
 11706 | D:10     | Found an iron altar of Okawaru.
 11859 | D:10     | Found a white marble altar of Elyvilon.
 11991 | D:11     | Noticed a manticore
 11994 | D:11     | Killed a manticore
 12177 | D:11     | Reached *** piety under Makhleb
 12270 | D:11     | Noticed a two-headed ogre
 12334 | D:11     | Found a staircase to the Orcish Mines.
 12579 | D:11     | Noticed a two-headed ogre
 13047 | D:11     | Killed a two-headed ogre
 13048 | D:11     | Reached skill level 10 in Dodging
 13193 | D:11     | Killed a two-headed ogre
 13537 | Lair:1   | Entered Level 1 of the Lair of Beasts
 13560 | Lair:1   | Noticed a lindwurm
 13560 | Lair:1   | Found a dark tunnel.
 13568 | Lair:1   | Killed a lindwurm
 13691 | Volcano  | Entered a volcano
 14283 | Volcano  | Noticed a hell hog
 14288 | Volcano  | Reached XP level 12. HP: 73/89 MP: 0/0
 14292 | Volcano  | Killed a hell hog
 14562 | Volcano  | Noticed a fire dragon
 14568 | Volcano  | Killed a fire dragon
 14805 | Lair:1   | Reached skill level 11 in Dodging
 14808 | Lair:1   | Reached skill level 1 in Invocations
 15266 | Lair:1   | Reached skill level 10 in Fighting
 15659 | Lair:1   | Noticed an eight-headed hydra
 15673 | Lair:1   | Killed an eight-headed hydra
 15962 | Lair:2   | Found a staircase to the Swamp.
 15993 | Lair:2   | Reached **** piety under Makhleb
 15994 | Lair:2   | Reached XP level 13. HP: 39/96 MP: 0/0
 15994 | Lair:2   | Learned a level 5 spell: Alistair's Intoxication
 16007 | Lair:2   | Found a staircase to the Snake Pit.
 16745 | Lair:2   | Reached skill level 10 in Shields
 17027 | Lair:2   | Reached skill level 12 in Dodging
 18409 | Lair:3   | Identified a scroll of acquirement
 18409 | Lair:3   | Acquired a manual of Spellcasting
 18453 | Lair:4   | Reached skill level 5 in Invocations
 18923 | Lair:4   | You are sucked into a shaft and drop 1 floor!
 19420 | D:7      | Bought a scroll of acquirement for 780 gold pieces
 19420 | D:7      | Acquired 1272 gold pieces
 19424 | D:7      | Bought a scroll of identify for 30 gold pieces
 19424 | D:7      | Bought a scroll of identify for 30 gold pieces
 19424 | D:7      | Bought a scroll of fear for 52 gold pieces
 19424 | D:7      | Bought a scroll of identify for 30 gold pieces
 19428 | D:7      | Bought a scroll of identify for 30 gold pieces
 19428 | D:7      | Bought a scroll of identify for 30 gold pieces
 19428 | D:7      | Bought a scroll of immolation for 52 gold pieces
 19643 | Lair:5   | Reached XP level 14. HP: 86/105 MP: 0/0
 19669 | Lair:5   | Reached ***** piety under Makhleb
 19941 | Lair:5   | Found the +8 trident of the Octopus King {venom, rElec
                  | rPois Will+}
 20627 | D:2      | Bought a potion of curing for 33 gold pieces
 20627 | D:2      | Bought a scroll of blinking for 82 gold pieces
 20627 | D:2      | Bought a potion of brilliance for 44 gold pieces
 20627 | D:2      | Bought a +2 kite shield of protection for 236 gold pieces
 20826 | Orc:1    | Entered Level 1 of the Orcish Mines
 21081 | Orc:1    | Found a bloodstained altar of Trog.
 21243 | Orc:2    | Entered Level 2 of the Orcish Mines
 21248 | Orc:2    | Noticed an orc warlord
 21250 | Orc:2    | Found Womn's General Store.
 21262 | Orc:2    | Reached skill level 10 in Spellcasting
 21269 | Orc:2    | Reached skill level 13 in Dodging
 21284 | Orc:1    | Noticed Snorg
 21303 | Orc:1    | Killed Snorg
 21303 | Orc:1    | Noticed Fannar
 21346 | Orc:1    | Killed Fannar
 22277 | Orc:2    | Found Zunwuathott's Firing Range.
 22382 | Orc:2    | Found Omigh's Antique Weapon Boutique.
 22388 | Orc:2    | Found a staircase to the Elven Halls.
 22494 | Orc:2    | Killed an orc warlord
 22904 | Orc:2    | Found Fumapur's Antique Armour Shop.
 23085 | Orc:2    | Found Puaguhom's Jewellery Boutique.
 23399 | Orc:2    | Bought the +4 cloak of Taibu {rN+ Dex+5} for 785 gold
                  | pieces
 23422 | Orc:2    | Bought a runed kite shield for 240 gold pieces
 23991 | D:12     | Found an ornate altar of the Wu Jian Council.
 24006 | D:12     | Reached skill level 1 in Evocations
 24499 | D:13     | Noticed Jorgrun
 24848 | D:13     | Noticed Azrael
 24852 | D:13     | Noticed Rupert
 24871 | D:13     | Noticed Sonja
 24872 | D:13     | Noticed Sonja
 24872 | D:13     | Sonja changed into Sonja the yaktaur
 24877 | D:13     | Killed Sonja the yaktaur
 24931 | D:14     | HP: 2/108 [slime creature (9)]
 24992 | D:14     | Reached XP level 15. HP: 79/113 MP: 0/0
 24992 | D:14     | Learned a level 6 spell: Death Channel
 25721 | D:14     | Reached skill level 14 in Dodging
 26082 | D:14     | Reached ****** piety under Makhleb
 26216 | D:14     | Found a gate to the Vaults.
 26653 | D:15     | Entered Level 15 of the Dungeon
 27228 | D:15     | Noticed a quicksilver dragon
 27231 | D:15     | a quicksilver dragon changed into an eleionoma
 28426 | D:15     | Found a staircase to the Depths.
 28999 | Lair:6   | Entered Level 6 of the Lair of Beasts
 29017 | Lair:6   | Reached XP level 16. HP: 81/121 MP: 0/0
 29386 | Lair:6   | Reached skill level 15 in Dodging
 29460 | Lair:6   | Found a staircase to the Slime Pits.
 30009 | Lair:6   | Identified the ring "Hicacim" {rF+ rN+ Slay+4}
 30594 | Swamp:1  | Entered Level 1 of the Swamp
 31475 | Swamp:2  | Noticed a tentacled monstrosity
 31529 | Swamp:1  | Identified the +1 glaive "Killer Klown's Death" {vorpal,
                  | *Noise rF+ Will+}
 31723 | Swamp:3  | Noticed a tentacled monstrosity
 32078 | Snake:1  | Entered Level 1 of the Snake Pit
 32078 | Snake:1  | Noticed Kirke
 32086 | Snake:1  | Killed Kirke
 32087 | Snake:1  | Reached skill level 5 in Evocations
 32147 | Snake:1  | Reached XP level 17. HP: 127/129 MP: 0/0
 32147 | Snake:1  | Learned a level 7 spell: Orb of Destruction
 32255 | Snake:1  | Identified the +5 chain mail of Duck's Teeth {Str+4}
 33342 | Snake:1  | Found Muercheq's Book Shoppe.
 33342 | Snake:1  | Found Veagept's Jewellery Boutique.
 33346 | Snake:1  | Reached skill level 16 in Dodging
 33355 | Snake:1  | Found Bagry's Book Shoppe.
 33504 | Snake:2  | Noticed Vashnia
 35518 | Snake:4  | Entered Level 4 of the Snake Pit
 35532 | Snake:4  | Reached skill level 15 in Fighting
 36954 | Snake:4  | Reached skill level 15 in Shields
 37529 | Snake:4  | Reached XP level 18. HP: 92/138 MP: 0/0
 38391 | Snake:4  | Got a serpentine rune of Zot
 38630 | Swamp:1  | HP: 3/139 [constriction (8)]
 39938 | Swamp:2  | Reached skill level 17 in Dodging
 39975 | Swamp:2  | Noticed Mlioglotl
 39988 | Swamp:2  | Killed Mlioglotl
 40365 | Swamp:2  | HP: 5/139 [fenstrider witch (5)]
 40925 | Swamp:3  | Reached skill level 15 in Spellcasting
 42005 | Swamp:4  | Entered Level 4 of the Swamp
 42014 | Swamp:4  | Noticed Bai Suzhen
 42017 | Swamp:4  | HP: 4/140 [shambling mangrove (26)]
 42017 | Swamp:4  | Constricted to death by a tentacled monstrosity

Illustrated notes

Levels and vault maps discovered:
D:1:      erik_arrival_blinker_ship, layout_rooms,
          hellmonk_ecumenical_altar_prayer_group
D:2:      layout_loops_ring, serial_shops, nicolae_shop_statue_plus,
          serial_park_tiny_pond, minmay_between
D:3:      layout_basic, uniq_robin, uniq_crazy_yiuf_cottage, uniq_ijyb
D:4:      layout_loops_cross, led_sif_book,
          nicolae_dithmenos_through_a_glass_darkly, lemuel_doored_altar,
          kennysheep_generic_room_15
D:5:      layout_loops_ring, zin_academy, xom_butterflies
D:6:      layout_cave_pools, nicolae_ru_sacrificial_ziggurat,
          grunt_decor_resistance, small_statue_intersection, uniq_menkaure
D:7:      layout_loops_ring, overflow_temple_1_default,
          minmay_temple_entry_grid, serial_shops, nicolae_shop_waterfront,
          serial_bayou_pond_c, kennysheep_cluttered_room, minmay_holes,
          kennysheep_generic_room_9, uniq_pikel, uniq_joseph
D:8:      layout_layer_cave, mainiacjoe_overflow_concentric_impassable,
          lair_entry_dummy, uniq_maurice, uniq_harold
D:9:      layout_gridville
D:10:     layout_loops_cross, mainiacjoe_overflow_alcove_1,
          mainiacjoe_overflow_two_lobes, nicolae_qazlal_general_emergency,
          kennysheep_generic_room_3, uniq_grum
D:11:     layout_roguey, zombieorc2_lemuel
D:12:     layout_roguey, nzn_wu_jian_contemplation
D:13:     layout_rooms, uniq_rupert, uniq_azrael, uniq_jorgrun, uniq_sonja
D:14:     layout_irregular_city, skrybe_vaults_entry_preservation,
          minmay_misc_feat_diagonals, chequers_serial_rivers_small_3,
          dk_noncrumbling_4, nrook_mini_backslash
D:15:     gammafunk_enter_depths_forms, layout_basic,
          chequers_serial_rivers_micro_e
Temple:   zaba_magenta_temple
Lair:1:   layout_long_grid, nicolae_volcano_entry_vermiform,
          beast_lair_carwin_10
Lair:2:   layout_chaotic_city, nicolae_swamp_entry_splash_gauntlet,
          minmay_snake_entry_guardpost_small, gauntlet_entry_generic,
          wad_woods_river_01
Lair:3:   layout_misc_corridors
Lair:4:   layout_concentric_octagons, serial_bayou_shore_a
Lair:5:   layout_gridlike, grunt_megastairs_5, serial_bayou_shore_b
Lair:6:   evilmike_catoblepas_cave, layout_gridlike, dpeg_slime_entry_corner
Swamp:1:  layout_falls_marsh, hangedman_swamp_pad, swamp_pool1,
          nicolae_swamp_bloodsuckers_inc, infiniplex_staircase_pool
Swamp:2:  layout_basic_swamp, evilmike_swamp_ruin_house_3, uniq_mlioglotl
Swamp:3:  layout_falls_marsh, serial_swamp_ruin, evilmike_swamp_ruin_house_5,
          evilmike_swamp_ruin_house_1, evilmike_swamp_ruin_house_6, swamp_pool4
Swamp:4:  grunt_swamp_rune_castle, layout_basic_swamp, uniq_bai_suzhen
Snake:1:  layout_rooms, lemuel_fruit_tree, minmay_shop_grove, uniq_kirke
Snake:2:  nicolae_snake_attic_fulla_snakes, layout_onion_interference,
          st_stairs_6, nicolae_large_snake_swirl, uniq_vashnia
Snake:3:  layout_chambers, serial_shops, nicolae_shop_crystal,
          serial_bayou_pond_a, grunt_megastairs_3
Snake:4:  snake_pit_salamanders_mu, layout_basic
Orc:1:    layout_caves, trog_butcher_becter, uniq_fannar, uniq_snorg
Orc:2:    grunt_orc_gardens, layout_diamond_mine, grunt_orc_garden,
          grunt_orc_garden, grunt_orc_garden, grunt_orc_garden,
          nicolae_shop_firing_range

Skill      XL: |  1  2  3  4  5  6  7  8  9 10 11 12 13 14 15 16 17 18 |
---------------+-------------------------------------------------------+-----
Stealth        | 2 |  2.0
Fighting       | 1 2 3 4 5 6 7 9 10 11 12 13 14 15 16 | 16.3
Dodging        | 3 4 5 6 7 9 10 11 12 13 14 15 16 17 | 17.4
Spellcasting   | 3 4 5 6 7 8 9 11 12 13 14 15 | 15.1
Shields        | 2 3 5 7 8 9 10 12 13 14 15 | 15.0
Invocations    | 3 5 |  5.0
Evocations     | 1 3 5 |  5.0

Action                   |  1- 3 |  4- 6 |  7- 9 | 10-12 | 13-15 | 16-18 || total
-------------------------+-------+-------+-------+-------+-------+-------++-------
Melee: Dagger            |       |     3 |     2 |       |       |       ||     5
       Short sword       |       |       |       |    47 |    21 |     7 ||    75
 Cast: Foxfire           |    33 |    60 |    77 |    45 |    27 |       ||   242
       Scorch            |    16 |    24 |    83 |   113 |   166 |   153 ||   555
       Pain              |     2 |       |     1 |    27 |    87 |    15 ||   132
       Inner Flame       |       |     1 |    12 |    73 |   159 |   153 ||   398
       Conjure Flame     |       |     1 |     4 |     4 |     1 |       ||    10
       Flame Wave        |       |       |       |    12 |    51 |    39 ||   102
       Lightning Bolt    |       |       |       |    44 |    96 |   147 ||   287
       Alistair's Intoxi |       |       |       |       |     6 |     4 ||    10
       Wereblood         |       |       |       |       |     2 |       ||     2
       Death Channel     |       |       |       |       |     5 |     8 ||    13
       Orb of Destructio |       |       |       |       |       |   123 ||   123
Invok: Lesser Servant of |       |       |       |     5 |     3 |       ||     8
Evoke: Wand              |       |       |       |     1 |    10 |     1 ||    12
       Condenser vane    |       |       |       |       |       |     1 ||     1
  Use: Scroll            |     4 |     1 |     4 |    10 |    21 |     9 ||    49
       Potion            |       |       |       |     4 |    10 |     8 ||    22
 Stab: Invisible         |       |       |       |       |     1 |       ||     1
Armor: Robe              |       |     2 |     2 |     8 |    30 |    64 ||   106
Dodge: Dodged            |     3 |    32 |    14 |   117 |   176 |   251 ||   593
Block: Kite shield       |       |       |       |     5 |   159 |   284 ||   448
       Reflection        |       |       |       |       |       |     6 ||     6

Table legend: (Time is in decaauts)
 A = Elapsed time spent in this place.
 B = Non-inter-level travel time spent in this place.
 C = Inter-level travel time spent in this place.
 D = Time resting spent in this place.
 E = Time spent auto-exploring this place.
 F = Levels seen in this place.
 G = Mean time per level.
                   A        B        C        D        E       F      G
               +--------+--------+--------+--------+--------+-----+--------+
         Total |  42031 |  39551 |   2480 |   9638 |  24436 |  33 | 1273.7 |
       Dungeon |  19466 |  18111 |   1355 |   2741 |  13127 |  15 | 1297.7 |
        Temple |     30 |     16 |     14 |      0 |      6 |   1 |   30.0 |
          Lair |   8773 |   8235 |    538 |   2046 |   5279 |   6 | 1462.2 |
         Swamp |   3996 |   3789 |    207 |   1443 |   1680 |   4 |  999.0 |
     Snake Pit |   6109 |   5875 |    234 |   2392 |   2674 |   4 | 1527.2 |
  Orcish Mines |   2615 |   2485 |    130 |    463 |   1589 |   2 | 1307.5 |
       Volcano |   1039 |   1039 |      0 |    552 |     81 |   1 | 1039.0 |
               +--------+--------+--------+--------+--------+-----+--------+

Top non-repeatable levels by time:
 Snake:4: 2983 daAuts
  Lair:2: 2961 daAuts
    D:14: 1951 daAuts
    D:15: 1930 daAuts
 Snake:1: 1755 daAuts
  Lair:1: 1721 daAuts
     D:3: 1663 daAuts
     D:7: 1636 daAuts
 Swamp:2: 1593 daAuts
    D:11: 1571 daAuts
 Swamp:1: 1466 daAuts
     D:8: 1408 daAuts
    D:12: 1354 daAuts
   Orc:2: 1331 daAuts
    D:10: 1317 daAuts
